 Dungeon Crawl Stone Soup version 0.20-a0-465-g6513c8f (webtiles) character file.

1001 M4edhros the Covert (level 8, -1/48 HPs)
             Began as an Octopode Artificer on Jan 12, 2017.
             Slain by a wight
             ... wielding a +5 scimitar
              (3 damage)
             ... on level 6 of the Dungeon.
             The game lasted 00:04:17 (2871 turns).

M4edhros the Covert (Octopode Artificer)            Turns: 2871, Time: 00:04:18

Health: -1/48      AC:  1    Str: 12    XL:     8   Next: 20%
Magic:  10/10      EV: 13    Int: 13    God:
Gold:   220        SH:  2    Dex: 18    Spells: 7/7 levels left

rFire  . . .     SeeInvis .     C - +7 falchion "Jiso" {venom, rPois Dex+4}
rCold  . . .     Gourm    .     (no shield)
rNeg   + . .     Faith    .     (helmet restricted)
rPois  +         Spirit   .     o - +2 amulet of reflection
rElec  .         Reflect  +     q - ring of positive energy
rCorr  .         Harm     .     (no ring)
MR     .....                    (no ring)
Stlth  ++++++....               (no ring)
                                (no ring)
                                (no ring)
                                (no ring)
                                (no ring)

@: drained
A: almost no armour, stealthy swim, amphibious, 8 rings, constrict 8, camouflage
1, gelatinous body 1
a: no special abilities


You were on level 6 of the Dungeon.
You were not hungry.

You visited 1 branch of the dungeon, and saw 6 of its levels.

You collected 220 gold pieces.

Inventory:

Hand Weapons
 a - a +0 short sword
 h - a cursed -3 short sword
 y - a +0 hunting sling
 C - the +7 falchion "Jiso" (weapon) {venom, rPois Dex+4}
   (You found it on level 5 of the Dungeon)

   It poisons the flesh of those it strikes.
   It affects your dexterity (+4).
   It protects you from poison.
Missiles
 e - 101 stones (quivered)
Jewellery
 o - a +2 amulet of reflection (around mantle)
 q - a ring of positive energy (left tentacle)
 z - an uncursed ring of stealth {unknown}
Wands
 b - a wand of flame (2/48)
 c - a wand of enslavement (12/24)
 d - a wand of random effects (14/48)
 D - a wand of digging (10/24)
Scrolls
 i - 2 scrolls of teleportation {unknown}
 j - 3 scrolls of identify {unknown}
 r - a scroll of blinking {unknown}
 x - 3 scrolls of amnesia {unknown}
 A - a scroll of recharging {unknown}
Potions
 m - 3 potions of curing {unknown}
 n - 2 potions of ambrosia {unknown}
 p - a potion of might {unknown}
 s - a potion of degeneration {unknown}
 t - 2 potions of resistance {unknown}
 v - 2 potions of agility {unknown}
Books
 w - a book of Cantrips

   Spells                             Type                      Level
   a - Confusing Touch                Hexes                        1
   b - Animate Skeleton               Necromancy                   1
   c - Summon Small Mammal            Summoning                    1
   d - Apportation                    Translocation                1
Comestibles
 f - a bread ration
 g - 11 fruits
 u - a meat ration
 B - 2 beef jerkies


   Skills:
 - Level 1.0(0.5) Fighting
 - Level 1.0(0.5) Short Blades
 * Level 4.1(3.6) Slings
 - Level 2.0(1.5) Dodging
 + Level 11.3(10.8) Stealth
 - Level 3.2(2.8) Evocations


You had 7 spell levels left.
You didn't know any spells.

Dungeon Overview and Level Annotations

Branches:
Dungeon (6/15)
 Temple: D:4-7

Altars:
Makhleb
The Shining One


Innate Abilities, Weirdness & Mutations

You cannot wear most types of armour.
You are very stealthy in the water. (Stealth+)
You are amphibious.
You can wear up to eight rings at the same time.
You can use your tentacles to constrict eight enemies at once.
Your skin changes colour to match your surroundings (Stealth+).
Your rubbery body absorbs attacks. (AC +1, EV +1)


Message History

You barely miss the wight. You grab the wight.
You squeeze the wight, but do no damage.
The wight is moderately damaged.
You constrict the wight, but do no damage.
The giant cockroach closely misses you.
You riposte.
You hit the giant cockroach.
The giant cockroach is poisoned.
You grab the giant cockroach.
The giant cockroach is almost dead.
The wight hits you with an enchanted scimitar!
You partially resist.
You feel drained.
You hit the giant cockroach but do no damage.
The giant cockroach looks as sick as possible!
You squeeze the giant cockroach, but do no damage.
The giant cockroach is almost dead.
You constrict the wight. You constrict the giant cockroach.
You kill the giant cockroach!
The wight hits you with an enchanted scimitar!
* * * LOW HITPOINT WARNING * * *
You partially resist.
You feel drained.
You die...

##.##...........
##.............
#.###..........
#.# ##........ ###
#.#..#### ..#
#..#.#### ...
###....##[## . ..
#...)...#..## .. .
#.....#.@....##...
..####
#....###z##.⌠...#
#..... ##..#
#Y....⌠_.# ##..
#.# #..#.⌠...#
##... ##
#.##...###
...#.... #..#..##
#..... ...#$##
....##. #.. ##.
... #. # .. ###'


You could see an ice beast and a wight.

Vanquished Creatures
  Grinder (D:3)
  An orc warrior (D:6)
  An ice beast (D:6)
  A centaur (D:4)
  The ghost of M4edhros the Sneak, an amateur OpAr (D:4)
  A bullfrog (D:6)
  A water moccasin zombie (D:5)
  A crimson imp (D:5)
  3 orc priests (D:5)
  3 orc wizards
  2 worker ants
  A worker ant zombie (D:5)
  A howler monkey skeleton (D:4)
  2 adders
  An ooze (D:4)
  2 adder skeletons
  3 dart slugs
  12 orcs
  4 bats
  2 giant cockroaches
  2 hobgoblins
  A jackal (D:3)
  3 quokkas
  2 frilled lizards
  A kobold (D:1)
  A rat (D:2)
54 creatures vanquished.

Vanquished Creatures (collateral kills)
  An orc (D:4)
1 creature vanquished.

Grand Total: 55 creatures vanquished

Notes
Turn   | Place    | Note
-------+----------+-------------------------------------------
     0 | D:1      | M4edhros the Octopode Artificer began the quest for the Orb.
     0 | D:1      | Reached XP level 1. HP: 13/13 MP: 3/3
    12 | D:1      | Reached skill level 2 in Stealth
   117 | D:1      | Reached skill level 3 in Stealth
   117 | D:1      | Reached XP level 2. HP: 12/18 MP: 4/4
   629 | D:3      | Noticed Grinder
   631 | D:3      | Paralysed by Grinder for 3 turns
   635 | D:3      | Paralysed by Grinder for 5 turns
   644 | D:3      | Killed Grinder
   644 | D:3      | Reached skill level 8 in Stealth
   644 | D:3      | Reached XP level 3. HP: 23/23 MP: 5/5
   644 | D:3      | Reached XP level 4. HP: 28/28 MP: 6/6
   644 | D:3      | Reached XP level 5. HP: 33/33 MP: 7/7
   779 | D:4      | Reached XP level 6. HP: 34/38 MP: 8/8
   942 | D:4      | Reached skill level 9 in Stealth
  1521 | D:4      | Noticed M4edhros's ghost (amateur OpAr)
  1542 | D:4      | Killed M4edhros's ghost
  1542 | D:4      | Reached skill level 10 in Stealth
  1542 | D:4      | Reached XP level 7. HP: 22/43 MP: 9/9
  1819 | D:5      | Entered Level 5 of the Dungeon
  1922 | D:5      | Reached skill level 1 in Slings
  2224 | D:5      | Found a glowing golden altar of the Shining One.
  2494 | D:5      | Got a shimmering falchion
  2495 | D:5      | Identified the +7 falchion "Jiso" {venom, rPois Dex+4} (You found it on level 5 of the Dungeon)
  2687 | D:6      | Found a burning altar of Makhleb.
  2728 | D:6      | Reached skill level 11 in Stealth
  2773 | D:6      | Reached XP level 8. HP: 44/48 MP: 10/10
  2858 | D:6      | Found a burning altar of Makhleb.
  2871 | D:6      | HP: 2/48 [wight/enchanted scimitar (16)]
  2871 | D:6      | Slain by a wight

Vault maps used:
D:1:      roderic_crop_circles_arrival_small, minmay_misc_feat_secret_circle,
          minivault_4
D:2:      lemuel_crystal_altar, first_bread, uniq_robin, uniq_iyjb
D:3:      uniq_grinder, uniq_crazy_yiuf_cottage
D:4:      grunt_ministairs_3
D:5:      tso_altar
D:6:      kennysheep_little_box, nicolae_overflow_hidden_temple,
          grunt_decor_arrowhead, minmay_ruined_shrine

Skill      XL: |  1  2  3  4  5  6  7  8 |
---------------+-------------------------+-----
Stealth        | 3 8 10 11 | 11.3
Slings         | 3 4 |  4.1
Fighting       | |  1.0
Short Blades   | |  1.0
Dodging        | |  2.0
Evocations     | |  3.2

Action                   |  1- 3 |  4- 6 |  7- 9 || total
-------------------------+-------+-------+-------++-------
Melee: Short sword       |    27 |    46 |    33 ||   106
       Constrict         |     7 |    13 |    12 ||    32
       Tentacles         |     4 |    13 |    13 ||    30
       Falchion          |       |       |    17 ||    17
Evoke: Wand              |     6 |    10 |     1 ||    17
  Use: Potion            |       |       |     3 ||     3
 Stab: Distracted        |     1 |       |       ||     1
       Sleeping          |     3 |     6 |     7 ||    16
  Eat: Chunk             |       |     2 |     4 ||     6
Armor: Skin              |     9 |     3 |     1 ||    13
Dodge: Dodged            |    29 |    24 |    24 ||    77
Block: Other             |       |     2 |     1 ||     3
       Rpst.: Falchion   |       |       |     4 ||     4
